 Dungeon Crawl Stone Soup version 0.30.0 (webtiles) character file.

Game seed: 8513979403219983994

165048 jagoly the Geomancer (level 16, -3/132 HPs)
             Began as a Demigod Earth Elementalist on May 6, 2023.
             Slain by an ettin
             ... wielding a +2 dire flail of protection
              (5 damage)
             ... while petrified by a living spell
             ... on level 2 of the Depths.
             The game lasted 03:02:37 (32391 turns).

jagoly the Geomancer (Demigod Earth Elementalist)  Turns: 32391, Time: 03:02:37

Health: -3/132     AC: 13    Str:  9    XL:     16   Next: 18%
Magic:  10/36      EV:  2    Int: 37    God:
Gold:   329        SH:  0    Dex: 14    Spells: 3/37 levels left

rFire   . . .        a - +8 whip "Snakebite" {venom, curare, rPois}
rCold   + . .        W - +0 buckler
rNeg    + + +        T - +2 robe {Archmagi}
rPois   ∞            j - +2 hat {Stlth+}
rElec   .            w - +1 cloak
rCorr   .            v - +0 pair of gloves
SInv    +            n - +3 pair of mountain boots {steadfast, rC+}
Will    +....        Z - amulet of regeneration
Stlth   +++++        L - +5 ring of evasion
HPRegen 1.22/turn    o - ring of see invisible
MPRegen 0.25/turn

%: archmagi
@: petrified
A: high MP 1, forlorn, divine attributes
}: 2/15 runes: barnacled, gossamer
a: no special abilities


You were on level 2 of the Depths.
You visited 5 branches of the dungeon, and saw 31 of its levels.
You also visited: Bailey and Volcano.

You collected 1726 gold pieces.
You spent 1397 gold pieces at shops.

Inventory:

Hand Weapons
 a - the +8 whip "Snakebite" (weapon) {venom, curare, rPois}
   (You found it on level 1 of the Lair of Beasts)

   rPois:     It protects you from poison.
 b - the +8 arc blade {discharge, rElec}
   (You took it off Nikola on level 2 of the Shoals)

   rElec:     It insulates you from electricity.
Missiles
 f - 47 poisoned darts
 y - 25 boomerangs
Armour
 j - a +2 hat of stealth (worn)
 n - the +3 pair of mountain boots (worn) {steadfast, rC+}
   (You found it in a volcano)

   Steadfast: It prevents involuntary movement, except for blinking,
   teleportation, or banishment.
   rC:        It protects you from cold.
 v - a +0 pair of gloves (worn)
 w - a +1 cloak (worn)
 P - a +0 cloak of poison resistance
 R - the +2 scale mail of Zuenkas {Regen+ Str+3}
   (You bought it in a shop on level 5 of the Dungeon)

   Str:       It affects your strength (+3).
   Regen:     It increases your rate of health regeneration.
 S - the +1 scale mail "Sefom" {rF+ rN+ Will+}
   (You bought it in a shop on level 5 of the Dungeon)

   rF:        It protects you from fire.
   rN:        It protects you from negative energy.
   Will:      It increases your willpower.
 T - a +2 robe of the Archmagi (worn)
 W - a +0 buckler (worn)
Jewellery
 d - a ring of positive energy
 o - a ring of see invisible (right hand)
 L - a +5 ring of evasion (left hand)
 U - a +6 ring of dexterity
 Z - an amulet of regeneration (around neck)
Wands
 A - a wand of roots (7)
 D - a wand of flame (38)
 E - a wand of charming (7)
 G - a wand of digging (6)
Scrolls
 e - 2 scrolls of blinking
 i - 3 scrolls of teleportation
 k - 3 scrolls of enchant weapon
 q - 5 scrolls of immolation
 r - a scroll of brand weapon
 t - 2 scrolls of magic mapping
 u - 3 scrolls of poison
 C - a scroll of vulnerability
 F - 7 scrolls of amnesia
 M - a scroll of torment {unknown}
 V - a scroll of enchant armour {unknown}
 X - a scroll of summoning {unknown}
Potions
 c - a potion of invisibility {unknown}
 g - 7 potions of curing
 h - a potion of resistance {unknown}
 m - 6 potions of ambrosia
 p - 2 potions of haste
 s - 4 potions of brilliance
 x - 6 potions of lignification
 z - 2 potions of might
 B - 4 potions of cancellation
 H - 4 potions of flight
 I - 2 potions of heal wounds
 J - a potion of magic
 K - 3 potions of attraction
 Q - 3 potions of mutation
Miscellaneous
 l - a box of beasts
 N - a lightning rod (4/4)
 O - a phantom mirror
 Y - a phial of floods


   Skills:
 + Level 9.2 Fighting
 - Level 2.0 Maces & Flails
 - Level 4.0 Armour
 + Level 9.2 Dodging
 - Level 8.0 Stealth
 - Level 4.0 Shields
 * Level 11.4 Spellcasting
 - Level 12.8 Conjurations
 - Level 1.0 Transmutations
 - Level 8.0 Fire Magic
 - Level 4.0 Ice Magic
 - Level 4.0 Air Magic
 - Level 12.8 Earth Magic
 * Level 3.3 Evocations


You had 3 spell levels left.
You knew the following spells:

 Your Spells              Type           Power      Damage    Failure   Level
a - Sandblast             Erth           100%       2d20      0%          1
b - Starburst             Conj/Fire      49%        6d13      6%          6
f - Fireball              Conj/Fire      49%        3d19      1%          5
g - Freezing Cloud        Conj/Ice/Air   41%        6-21      4%          5
s - Stone Arrow           Conj/Erth      100%       3d13      1%          3
w - Passwall              Tmut/Erth      69%        N/A       1%          2
x - Iron Shot             Conj/Erth      54%        9d10      2%          6
P - Ignite Poison         Fire/Tmut/Pois 60%        N/A       2%          3
S - Swiftness             Air            66%        N/A       1%          3

Your spell library contained the following spells:

 Spells                   Type           Power      Damage    Failure   Level
 Freeze                   Ice            100%       1d10      1%          1
 Ensorcelled Hibernation  Hex/Ice        100%       N/A       1%          2
 Dazzling Flash           Conj/Hex       100%       N/A       1%          3
 Frozen Ramparts          Ice            100%       1d16      1%          3
 Hailstorm                Conj/Ice       90%        3d18      1%          3
 Volatile Blastmotes      Fire/Tloc      100%       2d18      1%          3
 Cigotuvi's Dreadful Rot  Necr/Pois/Air  92%        N/A       2%          2
 Portal Projectile        Hex/Tloc       62%        N/A       9%          3
 Tukima's Dance           Hex            31%        N/A       9%          3
 Animate Armour           Summ/Erth      100%       N/A       1%          4
 Iskenderun's Mystic Bla  Conj/Tloc      80%        2d16      1%          4
 Petrify                  Tmut/Erth      83%        N/A       1%          4
 Iskenderun's Battlesphe  Conj           100%       2d15      1%          5
 Orb of Destruction       Conj           54%        9d14      12%         7
 Conjure Ball Lightning   Conj/Air       45%        3x3d16    13%         6
 Passage of Golubria      Tloc           31%        N/A       26%         4
 Blade Hands              Tmut           21%        N/A       45%         5
 Yara's Violent Unravell  Hex/Tmut       18%        3d9       52%         5
 Lehudib's Crystal Spear  Conj/Erth      54%        10d13     67%         8


Dungeon Overview and Level Annotations

Branches:
Dungeon (15/15) Zot: 25698  Temple (0/1) D:5            Lair (5/5) D:10 Zot: 24109
 Shoals (4/4) Lair:3 Zot: 18569  Spider (4/4) Lair:2 Zot: 20002   Slime (0/5) Lair:5
    Orc (0/2) D:9          Depths (3/4) D:15 Zot: 17078  Bailey (visited)
Volcano (visited)
 Vaults: D:13-14

Shops:
D:5 [   D:8 (   D:13 *

Portals:
Hell: Depths:2
Ziggurat: Depths:1
Trove: D:15 (give +8 demon blade)

Annotations:
D:2 Terence
Lair:5 1 exclusion


Innate Abilities, Weirdness & Mutations

You have an increased reservoir of magic. (+10% MP)
You shall have no god before yourself.
Your divine heritage dramatically boosts your attributes as you level up.


Message History

The spriggan rider is engulfed in freezing vapours. x2
The spriggan rider is engulfed in freezing vapours.
You kill the spriggan rider!
You kill the hornet!
The ettin is engulfed in freezing vapours.
Throw: 47 darts (poison)
Press: ? - help, Shift-Dir - straight line, f - ettin
Aim: an ettin, wielding two +0 dire flails (freezing vapour, lightly wounded, 83% to hit)
You throw a poisoned dart. The poisoned dart hits the ettin.
The ettin is lightly wounded.
The ettin is engulfed in freezing vapours.
Throw: 46 darts (poison)
Press: ? - help, Shift-Dir - straight line, f/p - ettin
Aim: an ettin, wielding two +0 dire flails (freezing vapour, moderately wounded, 83% to hit)
You throw a poisoned dart. The poisoned dart hits the ettin.
The ettin is poisoned.
The ettin is moderately wounded.
Hit: a) +8 whip "Snakebite" {venom, curare, rPois}
Press: ? - help, Dir - move target, f/p - ettin
Aim: an ettin, wielding two +0 dire flails (freezing vapour, moderately wounded, poisoned, about 13% to evade the +8 whip "Snakebite")
You hit the ettin but do no damage.
The ettin is moderately wounded.
The ettin is engulfed in freezing vapours.
The ettin misses you. The ettin completely misses you.
Hit: a) +8 whip "Snakebite" {venom, curare, rPois}
Press: ? - help, Dir - move target, f/p - ettin
Aim: an ettin, wielding two +0 dire flails (freezing vapour, heavily wounded, poisoned, about 13% to evade the +8 whip "Snakebite")
You barely miss the ettin.
The ettin is heavily wounded.
The ettin is engulfed in freezing vapours.
The ettin closely misses you. You block the ettin's attack.
Hit: a) +8 whip "Snakebite" {venom, curare, rPois}
Press: ? - help, Dir - move target, f/p - ettin
Aim: an ettin, wielding two +0 dire flails (freezing vapour, heavily wounded, poisoned, about 13% to evade the +8 whip "Snakebite")
You hit the ettin but do no damage.
The ettin is heavily wounded.
The ettin is engulfed in freezing vapours.
The ettin misses you. The ettin closely misses you.
Hit: a) +8 whip "Snakebite" {venom, curare, rPois}
Press: ? - help, Dir - move target, f/p - ettin
Aim: an ettin, wielding two +0 dire flails (freezing vapour, severely wounded, poisoned, about 13% to evade the +8 whip "Snakebite")
You whack the ettin!
The ettin looks even sicker.
The ettin convulses.
The ettin seems to slow down.
The ettin is severely wounded.
The ettin is engulfed in freezing vapours.
You kill the ettin!
You start resting.
Magic restored.
You start resting.
Magic restored.
Things that are here:
a +0 dire flail; a +0 dire flail
f - 46 poisoned darts (gained 1)
Things that are here:
a +0 spear; a +0 spear; a spriggan corpse
f - 47 poisoned darts (gained 1)
There is a broken door, spattered with blood here.
Things that are here:
a +0 battleaxe of freezing; a +0 quarterstaff; a +0 animal skin
There is a stone staircase leading down here.
You climb downwards.
The green very ugly thing gurgles horribly!
The white very ugly thing gurgles horribly!
The iron troll shouts!
The deep troll shouts!
You hear a horrible gurgling sound!
There is a stone staircase leading up here.
You hear a horrible gurgling sound!
The green very ugly thing gurgles horribly! x2
You hear a horrible gurgling sound!
The spark wasp buzzes angrily.
You hear a shout!
The deep troll earth mage shouts!
You hear a bark!
You climb upwards.
There is a stone staircase leading down here.
Found a scroll of identify.
Found a gateway to Hell.
A deep troll comes into view.
A deep troll is nearby!
An iron troll comes into view.
The iron troll shouts!
A deep troll comes into view.
Cast which spell? (? or * to list)
Aiming: Iron Shot (dangerous; 2% risk of failure)
Press: ? - help, Shift-Dir - straight line, f - deep troll
Aim: a deep troll (79% to hit)
You feel a surge of power!
You miscast Iron Shot.
You are very lightly contaminated with residual magic.
The floor shifts beneath you alarmingly.
The deep troll shouts!
You hear a shout!
A deep troll earth mage comes into view.
Cast which spell? (? or * to list)
Aiming: Iron Shot (dangerous; 2% risk of failure)
Press: ? - help, Shift-Dir - straight line, f/p - deep troll
Aim: a deep troll (79% to hit)
You feel a surge of power!
The iron shot misses the deep troll.
The deep troll earth mage shouts!
A deep troll comes into view.
The deep troll earth mage gestures next to you while chanting.
The wall shatters!
The blast of rock fragments hits you.
You hear a shout!
You hear two shouts!
You hear a shout!
Cast which spell? (? or * to list)
Aiming: Iron Shot (dangerous; 2% risk of failure)
Press: ? - help, Shift-Dir - straight line, f/p - deep troll
Aim: a deep troll (79% to hit)
You feel a surge of power!
The iron shot misses the deep troll.
You closely miss the deep troll.
The deep troll bites you but does no damage.
The deep troll misses you. The deep troll completely misses you.
You hit the deep troll.
The deep troll is poisoned.
The deep troll looks as sick as possible!
The deep troll convulses.
The deep troll seems to slow down.
The deep troll is lightly wounded.
You hit the deep troll.
The deep troll looks as sick as possible! x2
The deep troll convulses.
The deep troll seems to be slow for longer.
The deep troll is moderately wounded.
The deep troll bites you!
The deep troll claws you but does no damage.
The deep troll claws you! You block the deep troll's attack.
The deep troll completely misses you. You block the deep troll's attack.
The deep troll earth mage points next to the deep troll and mumbles some strange words.
You hear a grinding noise.
The deep troll attacks as you move away!
The deep troll misses you. You block the deep troll's attack. x2
You hit the deep troll.
The deep troll is poisoned.
The deep troll is lightly wounded.
A deep troll comes into view.
The deep troll bites you!! The deep troll completely misses you.
The deep troll misses you. You block the deep troll's attack.
The deep troll barely misses you. The deep troll claws you!
Cast which spell? (? or * to list)
Aiming: Freezing Cloud (dangerous; 4% risk of failure)
Press: ? - help, Dir - move target, f - deep troll, p - deep troll
Aim: a deep troll You feel a surge of power!
That beam is likely to hit you.
Continue anyway?
You miscast Freezing Cloud.
You are caught in an explosion of ice and frost.
You resist. The deep troll completely misses you.
The deep troll barely misses you. The deep troll closely misses you.
Cast which spell? (? or * to list)
Aiming: Freezing Cloud (dangerous; 4% risk of failure)
Press: ? - help, Dir - move target, f - deep troll earth mage, p - deep troll
Aim: a deep troll earth mage You feel a surge of power!
That beam is likely to hit you.
Continue anyway?
You are engulfed in freezing vapours.
You resist.
The deep troll is engulfed in freezing vapours.
The deep troll misses you.
The deep troll claws you but does no damage.
The deep troll claws you!
The deep troll is engulfed in freezing vapours. x2
The deep troll misses you. The deep troll completely misses you.
The deep troll closely misses you.
The deep troll earth mage is engulfed in freezing vapours.
The deep troll earth mage attacks as you move away!
The deep troll earth mage bites you.
* * * LOW HITPOINT WARNING * * *
The deep troll earth mage closely misses you.
The deep troll earth mage claws you but does no damage.
The deep troll is engulfed in freezing vapours.
The deep troll earth mage is engulfed in freezing vapours.
Cast which spell? (? or * to list)
Aiming: Iron Shot (dangerous; 2% risk of failure)
Press: ? - help, Shift-Dir - straight line, f/p - deep troll earth mage
Aim: a deep troll earth mage (freezing vapour, moderately wounded, 79% to hit)
You feel a surge of power!
The iron shot hits the deep troll earth mage!!!
You kill the deep troll earth mage!
The deep troll is engulfed in freezing vapours.
You kill the deep troll!
The iron troll is engulfed in freezing vapours.
The deep troll is engulfed in freezing vapours. x2
The deep troll bites you.
* * * LOW HITPOINT WARNING * * *
The deep troll closely misses you. x2
Cast which spell? (? or * to list)
You don't have enough magic to cast this spell.
Unknown command.
Hit: a) +8 whip "Snakebite" {venom, curare, rPois}
Press: ? - help, Dir - move target, f - deep troll
Aim: a deep troll (freezing vapour, moderately wounded, about 29% to evade the +8 whip "Snakebite")
You hit the deep troll.
The deep troll is poisoned.
The deep troll is heavily wounded.
The deep troll is engulfed in freezing vapours. x2
The deep troll misses you. The deep troll completely misses you.
The deep troll claws you but does no damage.
Hit: a) +8 whip "Snakebite" {venom, curare, rPois}
Press: ? - help, Dir - move target, f/p - deep troll
Aim: a deep troll (heavily wounded, very poisoned, about 29% to evade the +8 whip "Snakebite")
You hit the deep troll.
The deep troll looks as sick as possible! x2
The deep troll convulses.
The deep troll seems to slow down.
The deep troll is almost dead.
The iron troll is engulfed in freezing vapours.
Hit: a) +8 whip "Snakebite" {venom, curare, rPois}
Press: ? - help, Dir - move target, f - iron troll, p - deep troll
Aim: an iron troll (freezing vapour, lightly wounded, about 13% to evade the +8 whip "Snakebite")
You hit the iron troll but do no damage.
The iron troll is poisoned.
The iron troll looks even sicker.
The iron troll convulses.
The iron troll seems to slow down.
The iron troll is moderately wounded.
The deep troll bites you!!
* * * LOW HITPOINT WARNING * * *
The deep troll barely misses you. You block the deep troll's attack.
The deep troll is engulfed in freezing vapours.
Hit: a) +8 whip "Snakebite" {venom, curare, rPois}
Press: ? - help, Dir - move target, f/p - iron troll
Aim: an iron troll (freezing vapour, moderately wounded, very poisoned, slow, about 13% to evade the +8 whip "Snakebite")
You hit the iron troll.
The iron troll looks as sick as possible! x2
The iron troll convulses.
The iron troll seems to be slow for longer.
The iron troll is heavily wounded.
You block the deep troll's attack.
The deep troll claws you but does no damage.
The deep troll closely misses you.
The deep troll is engulfed in freezing vapours.
You kill the deep troll!
Hit: a) +8 whip "Snakebite" {venom, curare, rPois}
Press: ? - help, Dir - move target, f/p - iron troll
Aim: an iron troll (freezing vapour, heavily wounded, extremely poisoned, slow, about 13% to evade the +8 whip "Snakebite")
You whack the iron troll!
The iron troll looks as sick as possible!
The iron troll is severely wounded.
You block the deep troll's attack. The deep troll misses you.
The deep troll claws you but does no damage.
Hit: a) +8 whip "Snakebite" {venom, curare, rPois}
Press: ? - help, Dir - move target, f - deep troll, p - iron troll
Aim: a deep troll (almost dead, extremely poisoned, slow, about 29% to evade the +8 whip "Snakebite")
You hit the deep troll.
You kill the deep troll!
The iron troll is engulfed in freezing vapours.
The iron troll bites you!!
* * * LOW HITPOINT WARNING * * *
The iron troll barely misses you. The iron troll claws you!
* * * LOW HITPOINT WARNING * * *
Training target 8.0 for Fire Magic reached!
Your Fire Magic skill increases to level 8!
You kill the iron troll!
Your Evocations skill increases to level 3!
Cast which spell? (? or * to list)
Aiming: Iron Shot (dangerous; 2% risk of failure)
Press: ? - help, Shift-Dir - straight line, f - deep troll
Aim: a deep troll (79% to hit)
You feel a surge of power!
The iron shot hits the deep troll!!!
You kill the deep troll!
* * * LOW MAGIC WARNING * * *
You start resting.
Your magical contamination has completely faded away.
You start resting.
A golden dragon comes into view.
You start resting.
HP restored.
Magic restored.
You start resting.
Magic restored.
A rakshasa comes into view. It is wielding a +2 trident of venom.
Cast which spell? (? or * to list)
Aiming: Iron Shot (dangerous; 2% risk of failure)
Press: ? - help, Shift-Dir - straight line, f - rakshasa
Aim: a rakshasa, wielding a +2 trident of venom and wearing a +0 robe (69% to hit)
You feel a surge of power!
The iron shot hits the rakshasa!!!
The rakshasa is almost dead.
You hear a shout!
Cast which spell? (? or * to list)
Aiming: Iron Shot (dangerous; 2% risk of failure)
Press: ? - help, Shift-Dir - straight line, f/p - rakshasa
Aim: a rakshasa, wielding a +2 trident of venom and wearing a +0 robe (almost dead, 69% to hit)
You feel a surge of power!
The iron shot hits the rakshasa!!!
You kill the rakshasa!
You start resting.
A frost giant comes into view.
It is wielding a +2 battleaxe of freezing and wearing the amulet of Wuymi {Spirit Rampage *Slow Regen+}.
You start resting.
A frost giant is nearby!
Cast which spell? (? or * to list)
Aiming: Iron Shot (dangerous; 2% risk of failure)
Press: ? - help, Shift-Dir - straight line, f - frost giant
Aim: a frost giant, wielding a +2 battleaxe of freezing and wearing the amulet of Wuymi {Spirit Rampage *Slow Regen+} (98% to hit)
You feel a surge of power!
The iron shot hits the frost giant!!!
The frost giant is moderately wounded.
Cast which spell? (? or * to list)
Aiming: Iron Shot (dangerous; 2% risk of failure)
Press: ? - help, Shift-Dir - straight line, f/p - frost giant
Aim: a frost giant, wielding a +2 battleaxe of freezing and wearing the amulet of Wuymi {Spirit Rampage *Slow Regen+} (moderately wounded, 98% to hit)
You feel a surge of power!
The iron shot hits the frost giant!!!
The frost giant is almost dead.
The frost giant hits you with a +2 battleaxe of freezing!
The frost giant freezes you.
Cast which spell? (? or * to list)
Aiming: Iron Shot (dangerous; 2% risk of failure)
Press: ? - help, Shift-Dir - straight line, f/p - frost giant
Aim: a frost giant, wielding a +2 battleaxe of freezing and wearing the amulet of Wuymi {Spirit Rampage *Slow Regen+} (almost dead, 98% to hit)
You feel a surge of power!
The iron shot hits the frost giant!!!
You kill the frost giant!
Training target 4.0 for Ice Magic reached!
Your Ice Magic skill increases to level 4!
You start resting.
HP restored.
A steelbarb worm comes into view.
Cast which spell? (? or * to list)
Aiming: Iron Shot (dangerous; 2% risk of failure)
Press: ? - help, Shift-Dir - straight line, f - steelbarb worm
Aim: a steelbarb worm (wandering, hasn't noticed you, 87% to hit)
You feel a surge of power!
The iron shot hits the steelbarb worm!!!
The steelbarb worm is heavily wounded.
The steelbarb worm changes into a slime creature!
Cast which spell? (? or * to list)
Aiming: Iron Shot (dangerous; 2% risk of failure)
Press: ? - help, Shift-Dir - straight line, f/p - slime creature
Aim: a slime creature shaped shifter (95% to hit)
You feel a surge of power!
The iron shot hits the slime creature!!!
The slime creature is severely wounded.
Cast which spell? (? or * to list)
Aiming: Iron Shot (dangerous; 2% risk of failure)
Press: ? - help, Shift-Dir - straight line, f/p - slime creature
Aim: a slime creature shaped shifter (severely wounded, 95% to hit)
You feel a surge of power!
The iron shot hits the slime creature!!!
You kill the slime creature!
You start resting.
A wizard comes into view. It is wielding a +0 dagger.
Cast which spell? (? or * to list)
Aiming: Iron Shot (dangerous; 2% risk of failure)
Press: ? - help, Shift-Dir - straight line, f - wizard
Aim: a wizard, wielding a +0 dagger and wearing a +0 robe (wandering, hasn't noticed you, 71% to hit)
You feel a surge of power!
The iron shot hits the wizard!!
The wizard is almost dead.
You hear a loud rustle.
The wizard casts a spell at you.
You easily resist.
Cast which spell? (? or * to list)
Aiming: Iron Shot (dangerous; 2% risk of failure)
Press: ? - help, Shift-Dir - straight line, f/p - wizard
Aim: a wizard, wielding a +0 dagger and wearing a +0 robe (severely wounded, 71% to hit)
You feel a surge of power!
The iron shot hits the wizard!!!
You kill the wizard!
You start resting.
A walking earthen tome comes into view.
You start resting.
A walking earthen tome is nearby!
Press: ? - help, v - describe, . - travel
Here: a walking earthen tome The floor.
Unknown command.
Okay, then.
Press: ? - help, v - describe, . - travel
Here: a walking earthen tome The floor.
Unknown command.
As you read the scroll of teleportation, it crumbles to dust.
You feel strangely unstable.
The walking earthen tome erupts in a flurry of living spells!
Okay, then.
Okay, then.
Press: ? - help, v - describe, . - travel
Here: a walking earthen tome The floor.
Press: ? - help, v - describe, . - travel
Here: a living spell (summoned)
The floor.
Hit: a) +8 whip "Snakebite" {venom, curare, rPois}
Press: ? - help, Dir - move target, f - living spell
Aim: a living spell (summoned, about 16% to evade the +8 whip "Snakebite")
You whack the living spell!
You destroy the living spell!
The walking earthen tome erupts in a flurry of living spells!
The living spell casts itself at you.
You barely resist.
Press: ? - help, v - describe, . - travel
Here: a living spell (summoned)
The floor.
Unknown command.
Press: ? - help, v - describe, . - travel
Here: a living spell (summoned)
The floor.
You hit the walking earthen tome.
The walking earthen tome is lightly damaged.
Your surroundings seem slightly different.
The living spell casts itself at you.
You barely resist. The living spell casts itself at you.
You barely resist.
Cast which spell? (? or * to list)
Okay, then.
Okay, then.
Cast which spell? (? or * to list)
Aiming: Iron Shot (dangerous; 2% risk of failure)
Press: ? - help, Shift-Dir - straight line, f - walking earthen tome
Aim: a walking earthen tome (lightly damaged, 93% to hit)
You feel a surge of power!
The iron shot hits the walking earthen tome!!!
The walking earthen tome is heavily damaged.
You hit the walking earthen tome.
The walking earthen tome is heavily damaged.
The walking earthen tome erupts in a flurry of living spells!
You hit the walking earthen tome but do no damage.
The walking earthen tome is heavily damaged.
The walking earthen tome erupts in a flurry of living spells!
The living spell casts itself at you.
You are slowing down.
The living spell casts itself at you.
You barely resist. You hit the walking earthen tome.
The walking earthen tome is heavily damaged.
The walking earthen tome erupts in a flurry of living spells!
The living spell casts itself at you.
Your limbs have turned to stone.
The living spell casts itself at you.
Your limbs have turned to stone.
The walking earthen tome barely misses you.
You have turned to stone.
The living spell casts itself at you.
The walking earthen tome erupts in a flurry of living spells!
The living spell casts itself at you. The walking earthen tome hits you!!
The living spell casts itself at you.
The walking earthen tome hits you but does no damage.
The living spell casts itself at you.
You barely resist. The living spell casts itself at you.
You barely resist. The walking earthen tome hits you!!!
The living spell casts itself at you. x2
The walking earthen tome hits you!!
The walking earthen tome erupts in a flurry of living spells!
The walking earthen tome erupts in a flurry of living spells!
The living spell casts itself at you. The walking earthen tome hits you!!
The living spell casts itself at you. x2
You barely resist. The living spell casts itself at you.
You barely resist. The walking earthen tome hits you!!
* * * LOW HITPOINT WARNING * * *
The walking earthen tome hits you!
* * * LOW HITPOINT WARNING * * *
You turn to flesh and can move again.
You hit the walking earthen tome but do no damage.
The walking earthen tome is moderately damaged.
The walking earthen tome erupts in a flurry of living spells!
Press: ? - help, v - describe, . - travel
Here: a walking earthen tome (moderately damaged)
The floor.
Unknown command.
As you read the scroll of teleportation, it crumbles to dust.
You feel strangely unstable. The walking earthen tome hits you!!
* * * LOW HITPOINT WARNING * * *
The living spell casts itself at you.
You are slowing down.
The living spell casts itself at you.
You barely resist.
You feel much better. The walking earthen tome hits you!!
* * * LOW HITPOINT WARNING * * *
Your limbs are stiffening.
Press: ? - help, v - describe, . - travel
Here: a walking earthen tome (moderately damaged)
The floor.
Unknown command.
Okay, then.
Press: ? - help, v - describe, . - travel
Here: a walking earthen tome (moderately damaged)
The floor.
Unknown command.
Okay, then.
Press: ? - help, v - describe, . - travel
Here: a walking earthen tome (moderately damaged)
The floor.
You feel much better.
Your surroundings suddenly seem different.
An ettin and a rakshasa come into view.
The ettin is wielding a +2 dire flail of protection and a +0 dire flail.
Found a book of Armaments and 17 gold pieces.
You have turned to stone.
The rakshasa gestures at you. The lance of force hits you!
* * * LOW HITPOINT WARNING * * *
Your boots keep you from being knocked back.
An ettin comes into view.
It is wielding a +0 dire flail and a +0 great mace.
The ettin shouts in stereo!
You hear a horrible gurgling sound!
You hear a shout!
The ettin hits you with a +2 dire flail of protection!!!
* * * LOW HITPOINT WARNING * * *
The ettin hits you with a +0 dire flail!!
* * * LOW HITPOINT WARNING * * *
The rakshasa hits you with a +0 long sword!
* * * LOW HITPOINT WARNING * * *
You hear a horrible gurgling sound!
You hear a shout!
The ettin hits you with a +2 dire flail of protection!!
* * * LOW HITPOINT WARNING * * *
The ettin completely misses you. The rakshasa gestures at you.
The lance of force hits you!
* * * LOW HITPOINT WARNING * * *
Your boots keep you from being knocked back.
The ettin hits you with a +2 dire flail of protection!
* * * LOW HITPOINT WARNING * * *
The ettin hits you with a +0 dire flail!
You die...

.....
...####
......#
##
.....#..$
.........
#........
#RC......
#@...C...
#.....#..
#######


You could see 2 ettins and a rakshasa.

Vanquished Creatures
  Nikola (Shoals:2)
  A lich (Depths:1)
  Gastronok (Lair:2)
  2 frost giants (Depths:2)
  Ilsuiw (Shoals:4)
  3 emperor scorpions (Spider:4)
  3 ghost moths
  An ironbound preserver (D:13)
  7 broodmothers (Spider:4)
  A vampire knight (Depths:1)
  Azrael (Lair:2)
  Snorg (Lair:4)
  3 merfolk javelineers
  2 ettins
  4 merfolk impalers (Shoals:4)
  5 entropy weavers
  A fire dragon (Depths:1)
  2 hydras (Lair:4)
  An alligator snapping turtle (Shoals:4)
  A catoblepas (D:13)
  A spriggan air mage (Depths:2)
  2 rakshasas
  6 merfolk aquamancers
  2 centaur warriors
  2 radroaches (Spider:4)
  4 death yaks
  A merfolk avatar (Shoals:4)
  5 two-headed ogres
  A tengu warrior (D:15)
  3 boulder beetles
  7 satyrs (Shoals:4)
  A deep troll earth mage (Depths:2)
  A spriggan berserker (Depths:2)
  2 spriggans (Depths:2)
  A fire crab (Volcano)
  A skyshark (Shoals:1)
  2 iron trolls
  2 pharaoh ants
  A sun moth (Spider:4)
  6 sea snakes
  6 deep trolls
  9 orb spiders
  2 wizards
  2 lindwurms (Lair:4)
  7 harpies
  A deep elf pyromancer (D:15)
  An orc knight (Bailey)
  2 steelbarb worms
  5 ugly things
  14 fauns
  6 wolf spiders
  3 cyclopes
  2 black mambas (Lair:5)
  Joseph (D:8)
  6 water nymphs
  A demonic crawler (Spider:3)
  10 manticores
  An ice statue (Lair:2)
  2 torpor snails (Spider:4)
  7 merfolk sirens
  8 cane toads
  An unseen horror (shapeshifter) (D:13)
  2 gargoyles
  A komodo dragon (shapeshifter) (D:15)
  An unseen horror (D:11)
  7 rime drakes
  An ice devil (Lair:2)
  4 komodo dragons
  3 wind drakes
  2 polar bears (Lair:2)
  A meliai (Spider:4)
  3 hornets
  3 trolls
  7 merfolk
  10 tarantellas
  14 blink frogs
  3 dream sheep (Shoals:4)
  14 jumping spiders
  9 snapping turtles
  A slime creature (shapeshifter) (Depths:2)
  4 slime creatures (D:12)
  Sigmund (D:4)
  10 culicivoras
  2 shadows (D:11)
  5 wyverns
  5 wraiths
  2 vampires
  5 water elementals
  22 yaks
  6 basilisks
  4 fire elementals (Lair:2)
  2 fire bats (Volcano)
  22 redbacks
  3 vampire mosquitoes (D:14)
  4 steam dragons
  3 wargs (D:10)
  11 water moccasins
  4 hell hounds
  Duvessa (D:6)
  15 orc warriors
  10 ice beasts
  6 wolves (Lair:2)
  3 kobold brigands
  2 gnoll sergeants
  8 bullfrogs
  A scorpion (D:7)
  4 wights (D:8)
  Dowan (D:6)
  10 howler monkeys
  2 electric eels (Lair:3)
  3 jellies
  4 crimson imps (D:10)
  2 hounds
  5 orc priests
  Crazy Yiuf (D:3)
  5 sleepcaps (D:6)
  A gnoll bouda (D:6)
  6 iguanas
  19 orc wizards
  A boggart simulacrum (D:14)
  18 gnolls
  3 adders
  2 shadow imps (D:6)
  6 white imps
  An ufetubus (D:5)
  3 worms
  4 dart slugs
  39 orcs
  3 ball pythons
  4 bat zombies (D:6)
  5 endoplasms
  3 giant cockroaches
  9 goblins
  9 hobgoblins
  17 kobolds
  4 quokkas
  3 bats
  2 frilled lizards
  A rat (D:2)
  A rat zombie (D:6)
638 creatures vanquished.

Vanquished Creatures (others)
  Jorgrun (Shoals:2)
  A centaur warrior (Shoals:2)
  A wizard (D:9)
  A yak (D:10)
  10 fungi
  157 plants
171 creatures vanquished.

Grand Total: 809 creatures vanquished

Notes
Turn   | Place    | Note
-------+----------+-------------------------------------------
     0 | D:1      | jagoly the Demigod Earth Elementalist began the quest for
                  | the Orb.
     0 | D:1      | Reached XP level 1. HP: 14/14 MP: 5/5
   115 | D:1      | Reached skill level 1 in Transmutations
   294 | D:1      | Reached XP level 2. HP: 20/20 MP: 2/7
   893 | D:2      | Identified the +0 robe of Virtue {Fly rElec rN++ Dex-3}
  1119 | D:2      | Noticed Terence
  1247 | D:2      | Reached XP level 3. HP: 26/26 MP: 5/8
  1577 | D:3      | Noticed a kobold brigand
  1586 | D:3      | Killed a kobold brigand
  1587 | D:3      | Reached XP level 4. HP: 8/33 MP: 1/9
  2332 | D:3      | You fall into a shaft and drop 1 floor!
  2380 | D:4      | Noticed Sigmund
  2418 | D:4      | Learned a level 3 spell: Stone Arrow
  2542 | D:4      | Reached skill level 1 in Conjurations
  2542 | D:4      | Reached XP level 5. HP: 38/38 MP: 5/10
  2696 | D:3      | Found a runed translucent door.
  2697 | D:3      | Noticed Crazy Yiuf
  2705 | D:3      | Killed Crazy Yiuf
  2941 | D:5      | Entered Level 5 of the Dungeon
  2967 | D:5      | Reached XP level 6. HP: 43/45 MP: 0/11
  3188 | D:5      | Found Xana's Antique Armour Shoppe.
  3419 | D:5      | Found a staircase to the Ecumenical Temple.
  3833 | D:6      | Noticed a steam dragon
  3895 | D:6      | Noticed Dowan
  3907 | D:6      | Reached skill level 1 in Fighting
  4093 | D:6      | Reached XP level 7. HP: 52/52 MP: 9/13
  4189 | D:6      | Reached skill level 5 in Earth Magic
  4597 | D:6      | Reached skill level 5 in Conjurations
  5035 | D:6      | Learned a level 2 spell: Passwall
  5410 | D:7      | Reached XP level 8. HP: 62/62 MP: 5/15
  5521 | D:7      | Noticed a hornet
  5527 | D:7      | Paralysed by a hornet for 3 turns
  5530 | D:7      | Killed a hornet
  6387 | D:8      | Noticed Joseph
  6437 | D:8      | Reached XP level 9. HP: 52/71 MP: 0/18
  7134 | D:8      | Found Doguem's Antique Weapon Emporium.
  7263 | D:9      | Noticed a rime drake
  7263 | D:9      | Noticed a rime drake
  7282 | D:9      | Noticed a wizard
  7338 | D:9      | Found a flagged portal.
  7370 | Bailey   | Entered a bailey
  7416 | Bailey   | Noticed an orc knight
  7486 | Bailey   | Killed an orc knight
  7487 | Bailey   | Reached skill level 5 in Fighting
  7487 | Bailey   | Reached skill level 5 in Dodging
  8161 | Bailey   | Reached XP level 10. HP: 81/81 MP: 11/21
  8375 | D:10     | Entered Level 10 of the Dungeon
  8377 | D:10     | Reached skill level 5 in Spellcasting
  8383 | D:10     | Noticed a two-headed ogre
  8389 | D:10     | Killed a two-headed ogre
  8536 | D:10     | Found a staircase to the Lair.
  9189 | D:10     | Noticed a two-headed ogre
  9191 | D:10     | Killed a two-headed ogre
  9199 | D:10     | Learned a level 6 spell: Iron Shot
  9454 | D:4      | Killed Sigmund
  9673 | D:5      | Bought a bloodstained scale mail for 171 gold pieces
  9673 | D:5      | Identified the +2 scale mail of Zuenkas {Regen+ Str+3} (You
                  | bought it in a shop on level 5 of the Dungeon)
  9683 | D:5      | Bought a smelly scale mail for 171 gold pieces
  9683 | D:5      | Identified the +1 scale mail "Sefom" {rF+ rN+ Will+} (You
                  | bought it in a shop on level 5 of the Dungeon)
  9782 | Lair:1   | Entered Level 1 of the Lair of Beasts
 10567 | Lair:1   | Reached XP level 11. HP: 89/89 MP: 16/24
 10687 | Lair:1   | Reached skill level 1 in Armour
 10695 | Lair:1   | Found the +8 whip "Snakebite" {venom, curare, rPois}
 10928 | Lair:2   | Reached skill level 1 in Maces & Flails
 11222 | Lair:2   | Noticed a death yak
 11347 | Lair:2   | Killed a death yak
 11559 | Lair:2   | Found a hole to the Spider Nest.
 11559 | Lair:2   | Noticed an orb spider
 11664 | Lair:2   | Noticed Gastronok
 11821 | Lair:2   | Found the +4 robe of Folly {Brill Will-∞ Int+8}
 11884 | Lair:3   | You fall into a shaft and drop 2 floors!
 11884 | Lair:5   | Entered Level 5 of the Lair of Beasts
 11949 | Lair:5   | Reached skill level 1 in Shields
 11995 | Lair:5   | Reached skill level 5 in Stealth
 12541 | Lair:4   | Reached XP level 12. HP: 89/97 MP: 15/26
 12680 | Lair:4   | Noticed a seven-headed hydra
 12740 | Lair:4   | Killed a seven-headed hydra
 12825 | Lair:4   | Found a dark tunnel.
 12838 | Volcano  | Entered a volcano
 12877 | Volcano  | Found the +3 pair of mountain boots {steadfast, rC+}
 13097 | Lair:4   | Noticed Snorg
 13190 | Lair:4   | Noticed a six-headed hydra
 13199 | Lair:4   | Killed a six-headed hydra
 13361 | Lair:4   | Killed Snorg
 13362 | Lair:4   | Reached skill level 10 in Conjurations
 13362 | Lair:4   | Reached skill level 10 in Earth Magic
 14228 | Lair:2   | Identified the +1 hat of Ennui {Harm MP-9 Str+2 Dex+2}
 14229 | Lair:2   | Identified the +0 scale mail of Foutupic {rPois}
 15421 | D:11     | Learned a level 3 spell: Swiftness
 15853 | D:6      | Noticed Duvessa
 15858 | D:6      | Killed Duvessa
 15860 | D:6      | Killed Dowan
 16223 | D:8      | Killed Joseph
 16809 | D:9      | Found the +4 skin of Zhor {*Englaciate rC+++ SInv}
 16898 | D:9      | Reached skill level 1 in Air Magic
 17113 | D:9      | Found a staircase to the Orcish Mines.
 17244 | D:9      | Reached XP level 13. HP: 81/107 MP: 28/28
 17497 | D:12     | Reached skill level 1 in Evocations
 18127 | D:13     | Found Oguhin's Assorted Antiques.
 18130 | D:13     | Bought a viscous golden potion for 20 gold pieces
 18768 | D:13     | Bought a phial of floods for 920 gold pieces
 18955 | D:14     | Noticed an ironbound preserver
 19085 | D:13     | Killed an ironbound preserver
 19672 | D:15     | Entered Level 15 of the Dungeon
 19949 | D:15     | Found a portal to a secret trove of treasure.
 20392 | D:15     | Found a staircase to the Depths.
 20622 | Lair:2   | Killed Gastronok
 20764 | Lair:3   | Found a staircase to the Shoals.
 20899 | Lair:3   | Learned a level 5 spell: Fireball
 20900 | Shoals:1 | Entered Level 1 of the Shoals
 21044 | Shoals:1 | Reached skill level 1 in Fire Magic
 21484 | Shoals:1 | Reached XP level 14. HP: 115/115 MP: 6/30
 21498 | Shoals:1 | HP: 4/115 [water nymph/the raging water (25)]
 21814 | Shoals:2 | Noticed Nikola
 21820 | Shoals:2 | Noticed Jorgrun
 21826 | Shoals:2 | Killed Jorgrun
 21826 | Shoals:2 | HP: 3/115 [merfolk/+0 trident (12)]
 21829 | Shoals:2 | Killed Nikola
 22517 | Shoals:4 | Entered Level 4 of the Shoals
 23013 | Shoals:4 | Reached skill level 5 in Fire Magic
 24963 | Shoals:4 | Noticed Ilsuiw
 25271 | Shoals:4 | Killed Ilsuiw
 25852 | Shoals:4 | Reached XP level 15. HP: 121/121 MP: 23/33
 26083 | Shoals:4 | Got a barnacled rune of Zot
 26293 | Spider:1 | Entered Level 1 of the Spider Nest
 26293 | Spider:1 | Noticed Azrael
 27093 | Lair:2   | Killed Azrael
 27533 | Spider:2 | Learned a level 5 spell: Freezing Cloud
 27732 | Spider:3 | Reached skill level 1 in Ice Magic
 28040 | Spider:4 | Entered Level 4 of the Spider Nest
 28447 | Spider:4 | Reached skill level 10 in Spellcasting
 29758 | Spider:4 | Learned a level 3 spell: Ignite Poison
 31004 | Spider:4 | Identified the +2 hat of Rucyg {Fly}
 31013 | Spider:4 | Got a gossamer rune of Zot
 31198 | Lair:2   | Learned a level 6 spell: Starburst
 31368 | D:13     | Bought a scroll of teleportation for 69 gold pieces
 31368 | D:13     | Bought a scroll of identify for 46 gold pieces
 31472 | Depths:1 | Entered Level 1 of the Depths
 31499 | Depths:1 | Found a one-way gateway to a ziggurat.
 31610 | Depths:1 | Paralysed by a vampire knight for 3 turns
 31721 | Depths:1 | Noticed a lich
 31725 | Depths:1 | Killed a lich
 31726 | Depths:1 | Reached XP level 16. HP: 132/132 MP: 23/36
 32068 | Depths:2 | Found a gateway to Hell.
 32116 | Depths:2 | Noticed a golden dragon
 32236 | Depths:2 | Identified the amulet of Wuymi {Spirit Rampage *Slow
                  | Regen+}
 32360 | Depths:2 | Noticed a walking earthen tome
 32390 | Depths:2 | HP: 5/132 [rakshasa/lance of force (8)]
 32391 | Depths:2 | HP: 2/132 [ettin/+2 dire flail of protection (4)]
 32391 | Depths:2 | Slain by an ettin

Illustrated notes

Levels and vault maps discovered:
D:1:      wander_arrival_estate, layout_basic,
          ebering_ecumenical_altar_sacrificial
D:2:      layout_rooms, minmay_misc_feat_tower, uniq_terence
D:3:      layout_loops_ring, kennysheep_generic_room_9, uniq_crazy_yiuf_cottage
D:4:      layout_gridville, chequers_serial_rivers_micro_d, uniq_sigmund
D:5:      layout_cave_pools, minmay_overflow_temple_star_hex,
          lemuel_temple_firewalk_b, serial_shops, nicolae_shop_waterfront
D:6:      minmay_flawed_box, layout_gridville,
          lemuel_zombie_altar_kikubaaqudgha, kennysheep_minor_cross,
          hellmonk_no_cap, uniq_duvessa
D:7:      layout_cave_pools, led_sif_pool, nzn_wu_jian_contemplation,
          due_unseen_surprise
D:8:      layout_loops_corners, general_overflow_altar, serial_shops, shop,
          uniq_joseph
D:9:      layout_roguey, hiddenorc1_lemuel, enter_bailey_7,
          hellmonk_guarded_unrand_zhor
D:10:     layout_basic, led_xom_imps, erik_lair_orcish_takeover,
          eino_tiny_chamber
D:11:     layout_loops_cross, grunt_gozag_statues
D:12:     layout_long_grid, lemuel_old_faithful
D:13:     layout_rooms, serial_shops, kennysheep_mini
D:14:     layout_irregular_city, skrybe_vaults_entry_preservation,
          grunt_decor_mini_mirrors
D:15:     hangedman_depths_entry_civil_slaughter, layout_small_grid,
          minivault_11, nicolae_trove_entry_crystal
Lair:1:   minmay_guarded_unrand_snakebite, layout_regular_city
Lair:2:   nzn_winding_woodlands_small [nzn_winding_woodlands_5x15_pool,
          nzn_winding_woodlands_center_diamonds,
          nzn_winding_woodlands_5x15_lazy_stream], layout_regular_city,
          nicolae_spider_entry_orb_guardian, ice2_lemuel, lemuel_fruit_tree,
          infiniplex_staircase_pool_2, uniq_gastronok
Lair:3:   layout_roguey, minmay_shoals_entry_hut,
          chequers_serial_rivers_micro_b, grunt_megastairs_4,
          infiniplex_staircase_pool
Lair:4:   layout_cave_pods, nicolae_volcano_entry_hallway, uniq_snorg
Lair:5:   cheibrodos_lair_end_hotspot, layout_regular_city,
          minmay_slime_entry_pillars, st_stairs_4
Shoals:1: layout_shoals, nicolae_splish_splash
Shoals:2: layout_shoals, nicolae_shoals_c_island, uniq_jorgrun, uniq_nikola,
          uniq_polyphemus
Shoals:3: layout_shoals, st_sunken_temple, uniq_roxanne
Shoals:4: shoals_end_grunt_garden, layout_shoals, shoals_ilsuiw_ice
Spider:1: layout_spider_delve, drop_trap, hangedman_spider_mandibles,
          hellmonk_test_site, uniq_donald, uniq_azrael
Spider:2: nicolae_spider_jumping_over_cracks [nicolae_spider_jumping_sub_pools,
          nicolae_spider_jumping_sub_shuffled,
          nicolae_spider_jumping_sub_no_exit, nicolae_spider_jumping_sub_notch],
          nicolae_spider_checkerboard
Spider:3: layout_spider_delve
Spider:4: hellmonk_spider_rune_endless_swarm, hellmonk_deceptive_appearances
Depths:1: nicolae_cairo_tiling_very_big, layout_long_grid, enter_ziggurat_d,
          rand_demon_pan_entry_5, serial_shops, shop, grunt_hell_entry_dis_old,
          minmay_misc_feat_four_crosses, tgw_lugonu_bribe
Depths:2: minmay_the_grid_square_5x5_4x4_mashed
          [minmay_the_grid_square_5x5_bracketed,
          minmay_the_grid_square_5x5_checkered_sparse,
          minmay_the_grid_square_5x5_shrine2, minmay_the_grid_square_5x5_lines,
          minmay_the_grid_square_5x5_dogpile,
          minmay_the_grid_square_5x5_prize_open,
          minmay_the_grid_square_5x5_prize_pseudospiral,
          minmay_the_grid_square_5x5_corner,
          minmay_the_grid_square_5x5_three_walls,
          minmay_the_grid_square_5x5_prize_snowflake,
          minmay_the_grid_square_5x5_prize_waves,
          minmay_the_grid_square_5x5_minibox,
          minmay_the_grid_square_5x5_tetrominoes, minmay_the_grid_square_5x5_c,
          minmay_the_grid_square_5x5_inner_v,
          minmay_the_grid_square_5x5_gyroscope], layout_twisted_cross,
          grunt_decor_cap, hell_entry, pan_entry,
          nicolae_hepliaklqana_monster_ancestors, grunt_megastairs_3
Depths:3: kennysheep_blocky_hall, layout_basic, nicolae_ru_the_path_less_chosen,
          serial_shops, nicolae_shop_tiny_statue_garden, nicolae_shop_scrapyard,
          nicolae_shop_overgrown_old_shop, nicolae_shop_getting_attention, shop,
          grunt_hell_horde, abyss_entry_glasseish,
          nicolae_shop_sticking_my_neck_out, uniq_grunn

Skill      XL: |  1  2  3  4  5  6  7  8  9 10 11 12 13 14 15 16 |
---------------+-------------------------------------------------+-----
Transmutations | 1 |  1.0
Stealth        | 2 3 4 5 6 8 |  8.0
Dodging        | 2 4 5 6 7 8 9 |  9.2
Spellcasting   | 2 3 4 6 7 8 9 11 | 11.4
Earth Magic    | 3 4 5 6 7 8 9 10 11 12 | 12.8
Conjurations   | 1 2 3 5 6 7 8 9 10 11 12 | 12.8
Fighting       | 1 2 4 5 6 7 8 9 |  9.2
Armour         | 2 3 4 |  4.0
Maces & Flails | 2 |  2.0
Shields        | 2 4 |  4.0
Air Magic      | 1 4 |  4.0
Evocations     | 2 3 |  3.3
Fire Magic     | 2 6 7 8 |  8.0
Ice Magic      | 3 4 |  4.0

Action                     |  1- 3 |  4- 6 |  7- 9 | 10-12 | 13-15 | 16-18 || total
---------------------------+-------+-------+-------+-------+-------+-------++-------
  Melee: Rapier            |       |     2 |     2 |     1 |       |       ||     5
         Whip              |       |       |       |    75 |   232 |    20 ||   327
  Throw: Dart              |       |       |     4 |    11 |       |     2 ||    17
         Stone             |       |       |       |     1 |       |       ||     1
   Cast: Sandblast         |    43 |    79 |   155 |   199 |    20 |       ||   496
         Stone Arrow       |       |       |    49 |   231 |    84 |       ||   364
         Iron Shot         |       |       |       |     3 |   318 |    24 ||   345
         Fireball          |       |       |       |       |    38 |       ||    38
         Freezing Cloud    |       |       |       |       |     4 |     2 ||     6
         Ignite Poison     |       |       |       |       |     3 |       ||     3
  Evoke: Wand              |       |       |     7 |     1 |     5 |       ||    13
         Phial of floods   |       |       |       |       |     1 |       ||     1
         Box of beasts     |       |       |       |       |     1 |       ||     1
    Use: Scroll            |       |     1 |     7 |    11 |    10 |     2 ||    31
         Potion            |       |       |       |     1 |    12 |     2 ||    15
 Armour: Robe              |       |     3 |    19 |    37 |   128 |     9 ||   196
         Scale mail        |       |       |       |    51 |       |       ||    51
         Skin              |       |       |       |     1 |       |       ||     1
         Ring mail         |       |       |       |       |    39 |       ||    39
  Dodge: Dodged            |     6 |    10 |    51 |   128 |   404 |    32 ||   631
  Block: Other             |       |     5 |    15 |    20 |       |       ||    40
         Reflection        |       |     1 |     3 |     3 |       |       ||     7
         Buckler           |       |       |       |    56 |   141 |     9 ||   206
